SAA
PROVIDENCE PILGRIMS @ VIRGINIA BEACH WHALES
09/15/2042
 
TOP OF THE 1ST
Providence Pilgrims batting - Pitching for Virginia Beach Whales : RHP Clyde Sparks
Pitching: RHP Clyde Sparks
Batting: LHB David Davis 0-0: Foul Ball, location: 2F
0-1: Ball
1-1: Ball
2-1: Called Strike
2-2: Foul Ball, location: 2F
2-2: Fly out, F8 (Line Drive, 8LD, EV 90.6 MPH)
Batting: RHB Keith Lynn 0-0: Ground out 5-3 (Groundball, 56S, EV 88.8 MPH)
Batting: LHB César Valtez 0-0: Ball
1-0: Ball
2-0: Ball
3-0: Called Strike
3-1: Base on Balls
Batting: RHB Gabriel Méndez 0-0: Ball
1-0: Foul Ball, location: 2F
1-1: Ground out 4-3 (Groundball, 34, EV 87.5 MPH)
Top of the 1st over - 0 runs, 0 hits, 0 errors, 1 left on base; Providence 0 - Virginia Beach 0
BOTTOM OF THE 1ST
Virginia Beach Whales batting - Pitching for Providence Pilgrims : LHP Bill Aylwin
Pitching: LHP Bill Aylwin
Batting: RHB Jessie Gibbs 0-0: Swinging Strike
0-1: Ball
1-1: Ball
2-1: Ground out 4-3 (Groundball, 4, EV 108.8 MPH)
Batting: RHB Daniel MacKinder 0-0: Called Strike
0-1: Ball
1-1: Foul Ball, location: 2F
1-2: Strikes out swinging passed ball, reaches first!
Batting: RHB Óscar Cardozo 0-0: Called Strike
0-1: Ball
1-1: Ball
2-1: TRIPLE (Flyball, 9LD, EV 99.4 MPH)
Daniel MacKinder scores
Batting: RHB Todd Walker 0-0: Called Strike
0-1: Ball
1-1: Fly out, F4 (Popup, 3D, EV 65.0 MPH)
Batting: RHB Nick Harper 0-0: Fly out, F7 (Line Drive, 7D, EV 90.0 MPH)
Bottom of the 1st over - 1 run, 1 hit, 0 errors, 1 left on base; Providence 0 - Virginia Beach 1
TOP OF THE 2ND
Providence Pilgrims batting - Pitching for Virginia Beach Whales : RHP Clyde Sparks
Batting: RHB Chris Hall 0-0: Foul Ball, location: 2F
0-1: SINGLE (Flyball, 78S, EV 90.0 MPH)
Batting: RHB Carlos González 0-0: Grounds into double play, 6-4-3 (Groundball, 6, EV 83.1 MPH)
Batting: RHB Gilberto Ortíz 0-0: SINGLE (Line Drive, 6MD, EV 98.8 MPH)
Batting: RHB Jesse McCoy 0-0: Fly out, F3 (Popup, 3F, EV 76.2 MPH)
Top of the 2nd over - 0 runs, 2 hits, 0 errors, 1 left on base; Providence 0 - Virginia Beach 1
BOTTOM OF THE 2ND
Virginia Beach Whales batting - Pitching for Providence Pilgrims : LHP Bill Aylwin
Batting: LHB Asberry Harpending 0-0: Fly out, F7 (Flyball, 7S, EV 85.6 MPH)
Batting: RHB Juan Oleastro 0-0: Ball
1-0: Called Strike
1-1: Ball
2-1: Ball
3-1: Foul Ball, location: 2F
3-2: Foul Ball, location: 2F
3-2: Foul Ball, location: 2F
3-2: Ground out 5-3 (Groundball, 56, EV 84.4 MPH)
Batting: RHB Roberto González 0-0: Called Strike
0-1: Reached on error, E6 (Groundball, 6, EV 104.4 MPH)
Batting: RHB Aatos Salmi 0-0: Swinging Strike
0-1: Ball
1-1: Ball
2-1: Ball
3-1: Ground out 5-3 (Groundball, 56S, EV 79.4 MPH)
Bottom of the 2nd over - 0 runs, 0 hits, 1 error, 1 left on base; Providence 0 - Virginia Beach 1
TOP OF THE 3RD
Providence Pilgrims batting - Pitching for Virginia Beach Whales : RHP Clyde Sparks
Batting: RHB Mario Ramírez 0-0: Ball
1-0: Ball
2-0: Ball
3-0: Called Strike
3-1: Foul Ball, location: 2F
3-2: Strikes out swinging
Batting: LHB David Davis 0-0: Ball
1-0: Ball
2-0: SINGLE (Groundball, 4MD, EV 100.0 MPH)
Batting: RHB Keith Lynn 0-0: Called Strike
0-1: Ball
1-1: Ball
2-1: Fly out, F3 (Popup, 3S, EV 74.4 MPH)
Batting: LHB César Valtez 0-0: Ball
1-0: Foul Ball, location: 2F
1-1: Ball
2-1: Fly out, F7 (Flyball, 7LSF, EV 73.8 MPH)
Top of the 3rd over - 0 runs, 1 hit, 0 errors, 1 left on base; Providence 0 - Virginia Beach 1
BOTTOM OF THE 3RD
Virginia Beach Whales batting - Pitching for Providence Pilgrims : LHP Bill Aylwin
Batting: RHB Jessie Gibbs 0-0: Called Strike
0-1: Ball
1-1: Foul Ball, location: 2F
1-2: Fly out, F4 (Line Drive, 4, EV 74.4 MPH)
Batting: RHB Daniel MacKinder 0-0: Ball
1-0: Ball
2-0: Ball
3-0: Called Strike
3-1: SINGLE (Line Drive, 89M, EV 90.0 MPH)
Batting: RHB Óscar Cardozo 0-0: Ball
1-0: Foul Ball, location: 2F
1-1: Foul Ball, location: 2F
1-2: Strikes out looking
Batting: RHB Todd Walker 0-0: Ball
1-0: Ball
2-0: Ball
3-0: Base on Balls
Daniel MacKinder to second
Batting: RHB Nick Harper 0-0: Fly out, F4 (Line Drive, 4, EV 63.8 MPH)
Bottom of the 3rd over - 0 runs, 1 hit, 0 errors, 2 left on base; Providence 0 - Virginia Beach 1
TOP OF THE 4TH
Providence Pilgrims batting - Pitching for Virginia Beach Whales : RHP Clyde Sparks
Batting: RHB Gabriel Méndez 0-0: SINGLE (Groundball, 56D, EV 101.9 MPH)
Batting: RHB Chris Hall 0-0: Ball
1-0: Foul Ball, location: 2F
1-1: Grounds into double play, 5-4-3 (Groundball, 56, EV 103.1 MPH)
Batting: RHB Carlos González 0-0: Called Strike
0-1: Ball
1-1: Ball
2-1: Foul Ball, location: 2F
2-2: Foul Ball, location: 2F
2-2: Ball
3-2: Foul Ball, location: 2F
3-2: Base on Balls
Batting: RHB Gilberto Ortíz 0-0: Called Strike
Carlos González is caught stealing 2nd base 2-4
Top of the 4th over - 0 runs, 1 hit, 0 errors, 0 left on base; Providence 0 - Virginia Beach 1
BOTTOM OF THE 4TH
Virginia Beach Whales batting - Pitching for Providence Pilgrims : LHP Bill Aylwin
Batting: LHB Asberry Harpending 0-0: Ball
1-0: Ball
2-0: Fly out, F9 (Flyball, 89XD, EV 85.0 MPH)
Batting: RHB Juan Oleastro 0-0: SOLO HOME RUN (Line Drive, 78XD, EV 100.6 MPH), Distance : 436 ft
Batting: RHB Roberto González 0-0: Called Strike
0-1: Ground out 1-3 (Groundball, 34S, EV 68.1 MPH)
Batting: RHB Aatos Salmi 0-0: Called Strike
0-1: Ball
1-1: Ground out 3-1 (Groundball, 34D, EV 104.4 MPH)
Bottom of the 4th over - 1 run, 1 hit, 0 errors, 0 left on base; Providence 0 - Virginia Beach 2
TOP OF THE 5TH
Providence Pilgrims batting - Pitching for Virginia Beach Whales : RHP Clyde Sparks
Batting: RHB Gilberto Ortíz 0-0: Ground out 3-1 (Groundball, 3D, EV 96.9 MPH)
Batting: RHB Jesse McCoy 0-0: Ball
1-0: Ball
2-0: Fly out, F8 (Flyball, 8LS, EV 79.4 MPH)
Batting: RHB Mario Ramírez 0-0: SINGLE (Line Drive, 7S, EV 103.1 MPH)
Batting: LHB David Davis 0-0: Called Strike
Mario Ramírez steals 2nd base
0-1: Ball
1-1: Ball
2-1: Ball
3-1: SINGLE (Groundball, 4D, EV 95.0 MPH)
Mario Ramírez to third
Runner from 3rd tries for Home, SAFE, throw by CF to home
Batting: RHB Keith Lynn 0-0: Ball
David Davis is caught stealing 2nd base 2-4
Top of the 5th over - 1 run, 2 hits, 0 errors, 0 left on base; Providence 1 - Virginia Beach 2
BOTTOM OF THE 5TH
Virginia Beach Whales batting - Pitching for Providence Pilgrims : LHP Bill Aylwin
Batting: RHB Jessie Gibbs 0-0: Called Strike
0-1: Ground out U3 (Groundball, 3, EV 108.1 MPH)
Batting: RHB Daniel MacKinder 0-0: Called Strike
0-1: Called Strike
0-2: Foul Ball, location: 2F
0-2: Ball
1-2: Ball
2-2: Strikes out swinging
Batting: RHB Óscar Cardozo 0-0: Ball
1-0: Ball
2-0: Ball
3-0: Called Strike
3-1: Called Strike
3-2: SOLO HOME RUN (Flyball, 9D, EV 96.2 MPH), Distance : 367 ft
Batting: RHB Todd Walker 0-0: Swinging Strike
0-1: Fly out, F4 (Line Drive, 4, EV 68.1 MPH)
Bottom of the 5th over - 1 run, 1 hit, 0 errors, 0 left on base; Providence 1 - Virginia Beach 3
TOP OF THE 6TH
Providence Pilgrims batting - Pitching for Virginia Beach Whales : RHP Clyde Sparks
Batting: RHB Keith Lynn 0-0: Foul Ball, location: 2F
0-1: Swinging Strike
0-2: Ball
1-2: Strikes out swinging
Batting: LHB César Valtez 0-0: Ball
1-0: Foul Ball, location: 2F
1-1: Foul Ball, location: 2F
1-2: Ball
2-2: Foul Ball, location: 2F
2-2: Ground out 4-3 (Groundball, 4M, EV 80.0 MPH)
Batting: RHB Gabriel Méndez 0-0: Called Strike
0-1: Ball
1-1: Ball
2-1: Foul Ball, location: 2F
2-2: SINGLE (Groundball, 56D, EV 96.2 MPH)
Batting: RHB Chris Hall 0-0: Ball
1-0: Called Strike
1-1: Ball
2-1: Fly out, F3 (Line Drive, 3, EV 70.6 MPH)
Top of the 6th over - 0 runs, 1 hit, 0 errors, 1 left on base; Providence 1 - Virginia Beach 3
BOTTOM OF THE 6TH
Virginia Beach Whales batting - Pitching for Providence Pilgrims : LHP Bill Aylwin
Batting: RHB Nick Harper 0-0: Called Strike
0-1: Foul Ball, location: 2F
0-2: Fly out, F6 (Popup, 6, EV 54.4 MPH)
Batting: LHB Asberry Harpending 0-0: Ball
1-0: Foul Ball, location: 2F
1-1: Called Strike
1-2: Ball
2-2: Foul Ball, location: 2F
2-2: Fly out, F4 (Flyball, 34D, EV 88.1 MPH)
Batting: RHB Juan Oleastro 0-0: Swinging Strike
0-1: Called Strike
0-2: Strikes out swinging, 2-3 out at first.
Bottom of the 6th over - 0 runs, 0 hits, 0 errors, 0 left on base; Providence 1 - Virginia Beach 3
TOP OF THE 7TH
Providence Pilgrims batting - Pitching for Virginia Beach Whales : RHP Clyde Sparks
Pitching: RHP Jae-gor Namgung
Batting: RHB Carlos González 0-0: Swinging Strike
0-1: Ball
1-1: Ground out 5-3 (Groundball, 56, EV 107.5 MPH)
Batting: RHB Gilberto Ortíz 0-0: Ball
1-0: Swinging Strike
1-1: Ball
2-1: Ball
3-1: Fly out, F3 (Popup, 3S, EV 79.4 MPH)
Batting: RHB Jesse McCoy 0-0: Foul Ball, location: 2F
0-1: Ball
1-1: Ball
2-1: Ball
3-1: Called Strike
3-2: Foul Ball, location: 2F
3-2: SINGLE (Line Drive, 4D, EV 103.8 MPH)
Batting: RHB Mario Ramírez Pickoff Throw to First - Out! 1-3
Top of the 7th over - 0 runs, 1 hit, 0 errors, 0 left on base; Providence 1 - Virginia Beach 3
BOTTOM OF THE 7TH
Virginia Beach Whales batting - Pitching for Providence Pilgrims : LHP Bill Aylwin
Batting: RHB Roberto González 0-0: Ball
1-0: Fly out, F8 (Line Drive, 8RD, EV 91.2 MPH)
Batting: RHB Aatos Salmi 0-0: Ball
1-0: Ball
2-0: Swinging Strike
2-1: Ground out 6-3 (Groundball, 6, EV 87.5 MPH)
Batting: RHB Jessie Gibbs 0-0: Called Strike
0-1: Swinging Strike
0-2: Fly out, F3 (Popup, 3SF, EV 71.2 MPH)
Bottom of the 7th over - 0 runs, 0 hits, 0 errors, 0 left on base; Providence 1 - Virginia Beach 3
TOP OF THE 8TH
Providence Pilgrims batting - Pitching for Virginia Beach Whales : RHP Jae-gor Namgung
Batting: RHB Mario Ramírez 0-0: Fly out, F8 (Flyball, 8RM, EV 83.8 MPH)
Batting: LHB David Davis 0-0: Foul Ball, location: 2F
0-1: Foul Ball, location: 2F
0-2: Foul Ball, location: 2F
0-2: Foul Ball, location: 2F
0-2: Ball
1-2: Foul Ball, location: 2F
1-2: Fly out, F6 (Popup, 6S, EV 68.1 MPH)
Batting: RHB Keith Lynn 0-0: Ball
1-0: Called Strike
1-1: Swinging Strike
1-2: Foul Ball, location: 2F
1-2: Ball
2-2: Ball
3-2: Foul Ball, location: 2F
3-2: Foul Ball, location: 2F
3-2: Base on Balls
Batting: LHB César Valtez 0-0: Ball
1-0: Ball
2-0: Ball
3-0: Base on Balls
Keith Lynn to second
Pitching: RHP Patrick Le Gall
Batting: RHB Gabriel Méndez 0-0: Swinging Strike
0-1: Called Strike
0-2: Foul Ball, location: 2F
0-2: Ball
1-2: Ball
2-2: Foul Ball, location: 2F
2-2: Ball
3-2: Strikes out looking
Top of the 8th over - 0 runs, 0 hits, 0 errors, 2 left on base; Providence 1 - Virginia Beach 3
BOTTOM OF THE 8TH
Virginia Beach Whales batting - Pitching for Providence Pilgrims : LHP Bill Aylwin
Batting: RHB Daniel MacKinder 0-0: Called Strike
0-1: Ball
1-1: Ball
2-1: Ball
3-1: Called Strike
3-2: Fly out, F9 (Flyball, 9LD, EV 82.5 MPH)
Pitching: RHP Bernard Hewer
Batting: RHB Óscar Cardozo 0-0: Ball
1-0: SINGLE (Groundball, 56D, EV 106.2 MPH)
Batting: RHB Todd Walker 0-0: Ball
1-0: Fly out, F7 (Flyball, 7LS, EV 92.5 MPH)
Batting: RHB Nick Harper 0-0: Ball
1-0: Fielders Choice at 2nd, 6-4 (Groundball, 6, EV 93.1 MPH)
Bottom of the 8th over - 0 runs, 1 hit, 0 errors, 1 left on base; Providence 1 - Virginia Beach 3
TOP OF THE 9TH
Providence Pilgrims batting - Pitching for Virginia Beach Whales : RHP Patrick Le Gall
Batting: RHB Chris Hall 0-0: Called Strike
0-1: Called Strike
0-2: Fly out, F9 (Line Drive, 9, EV 105.0 MPH)
Batting: RHB Carlos González 0-0: Foul Ball, location: 2F
0-1: Foul Ball, location: 2F
0-2: Ball
1-2: Foul Ball, location: 2F
1-2: Strikes out swinging
Batting: RHB Gilberto Ortíz 0-0: Fly out, F8 (Flyball, 8LD, EV 101.2 MPH)
Top of the 9th over - 0 runs, 0 hits, 0 errors, 0 left on base; Providence 1 - Virginia Beach 3
Friday, March 26th, 2021 - OOTP Baseball 20.8 Build 74